 Dungeon Crawl Stone Soup version 0.30-a0-634-g8abc85282e (webtiles) character file.

Game seed: 3781531729858152878

2 tilp the Shield-Bearer (level 1, -1/19 HPs)
             Began as a Meteoran Fighter on Jan 14, 2023.
             Slain by a hobgoblin (3 damage)
             ... on level 1 of the Dungeon.
             The game lasted 00:00:41 (121 turns).

tilp the Shield-Bearer (Meteoran Fighter)            Turns: 121, Time: 00:00:41

Health: -1/19      AC:  6    Str: 17    XL:     1   Next: 57%
Magic:  2/2        EV:  9    Int:  9    God:
Gold:   0          SH:  5    Dex: 13    Spells: 0/0 levels left

rFire   . . .      SeeInvis .    a - +0 long sword
rCold   . . .      Faith    .    c - +0 buckler
rNeg    . . .      Spirit   .    b - +0 scale mail
rPois   .          Reflect  .    (no helmet)
rElec   .          Harm     .    (no cloak)
rCorr   .          Rampage  .    (no gloves)
Will    .....                    (no boots) Stlth
                                 (no amulet)
HPRegen 0.23/turn                (no ring)
MPRegen 0.08/turn                (no ring)

@: glowing
A: sense surroundings 1, otherworldly, glowing, explore regen
a: no special abilities


You were on level 1 of the Dungeon.
You visited 1 branch of the dungeon, and saw 1 of its levels.

Inventory:

Hand Weapons
 a - a +0 long sword (weapon)
Missiles
 e - 3 javelins (quivered)
Armour
 b - a +0 scale mail (worn)
 c - a +0 buckler (worn)
Potions
 d - a potion of might


   Skills:
 + Level 3.3 Fighting
 + Level 2.4 Long Blades
 + Level 3.6 Armour
 * Level 0.3 Dodging
 + Level 0.0 Stealth
 + Level 3.6 Shields


You couldn't memorise any spells.
You didn't know any spells.
Your spell library was empty.

Dungeon Overview and Level Annotations

Branches:
Dungeon (1/15) Zot: 473

Altars:


Innate Abilities, Weirdness & Mutations

You passively map a small area around you.
You are easily found by Zot.
You glow in the dark.
You regain HP and MP as you explore.


Message History

* * * LOW HITPOINT WARNING * * *
The hobgoblin hits you.
* * * LOW HITPOINT WARNING * * *
You are too injured to fight recklessly!
The bat attacks as you move away! The bat closely misses you.
You block the bat's attack.
You barely miss the bat.
The bat is moderately wounded.
The bat closely misses you. The endoplasm closely misses you.
You block the kobold's attack. The kobold attacks as you move away!
The kobold hits you but does no damage. The bat completely misses you.
The bat hits you but does no damage.
You barely miss the bat.
The bat is moderately wounded.
The bat barely misses you. x2; The bat closely misses you.
The kobold hits you but does no damage. The endoplasm freezes you.
You are frozen.
* * * LOW HITPOINT WARNING * * *
Unknown command.
You closely miss the bat.
The bat is moderately wounded.
The bat hits you but does no damage. The bat closely misses you.
The kobold hits you but does no damage. The endoplasm barely misses you.
The bat hits you but does no damage. The bat completely misses you.
You hit the kobold.
You kill the kobold!
The bat hits you but does no damage.
The endoplasm jiggles.
The hobgoblin barely misses you.
You barely miss the bat.
The bat is moderately wounded.
The bat barely misses you. x2
The hobgoblin hits you but does no damage.
You closely miss the hobgoblin. The bat hits you but does no damage.
The hobgoblin hits you.
* * * LOW HITPOINT WARNING * * *
You barely miss the hobgoblin. The hobgoblin hits you.
You die...

* , *
#.......#**
* ,
#.......# ,
, #......,*
,,, , *#...#
, #...# ,
#J..# , , ,
#.### , *
####.######
,
#.@gJ.....+,
,
#b###.#####
, #.......#
*, ,
#####.#.# *
#.#.#* * #.#
. , #.# ##
*** #.# #.#


You could see an endoplasm, a hobgoblin and a bat.

Vanquished Creatures
  A hobgoblin (D:1)
  A ball python (D:1)
  A kobold (D:1)
3 creatures vanquished.

Notes
Turn   | Place    | Note
-------+----------+-------------------------------------------
     0 | D:1      | tilp the Meteoran Fighter began the quest for the Orb.
     0 | D:1      | Reached XP level 1. HP: 19/19 MP: 2/2
    52 | D:1      | Found a faded altar of an unknown god.
   121 | D:1      | Slain by a hobgoblin

Illustrated notes

Levels and vault maps discovered:
D:1:      wander_arrival_fairy_ring, layout_basic,
          hellmonk_ecumenical_altar_inner_sanctum

Action                   || total
-------------------------++-------
Melee: Long sword        ||    16
Armor: Scale mail        ||    18
Dodge: Dodged            ||    20
Block: Buckler           ||     5

Table legend: (Time is in decaauts)
 A = Elapsed time spent in this place.
 B = Non-inter-level travel time spent in this place.
 C = Inter-level travel time spent in this place.
 D = Time resting spent in this place.
 E = Time spent auto-exploring this place.
 F = Levels seen in this place.
 G = Mean time per level.
                   A        B        C        D        E       F      G
               +--------+--------+--------+--------+--------+-----+--------+
         Total |    125 |    125 |      0 |      0 |      0 |   1 |  125.0 |
       Dungeon |    125 |    125 |      0 |      0 |      0 |   1 |  125.0 |
               +--------+--------+--------+--------+--------+-----+--------+

Top non-repeatable levels by time:
     D:1: 125 daAuts
